AoeStats
← Gul_Durak

Golden Pit

510172176Analyzed
1v1 RM · 1d ago on Sep 29, 2026· 55m 5s· 2 players
Game mode
Random Map
Map size
Tiny (2 player)
Population
200
Speed
Normal
Resources
Standard
Victory
Conquest
Starting age
Dark Age
Ending age
Imperial Age
RankedLock teamsTeams togetherTeam positionsShared explorationLock speedFull tech treeHidden civsTurbo modeCheats
Victory
Defeat
🇩🇪 Goths · Germany
1208
+17
🇺🇸 Malians · United States
1230
-17
Gul_Durak
4:36 Loom
9:00 Feudal Age
10:26 Double-Bit Axe
19:45 Castle Age
19:00 Gold Mining
18:52 Horse Collar
21:08 Bow Saw
21:00 Heavy Plow
21:41 Wheelbarrow
22:17 Stone Mining
24:59 Fletching
37:04 Imperial Age
35:13 Padded Archer Armor
37:31 Bodkin Arrow
38:38 Ballistics
38:33 Bloodlines
39:48 Conscription
40:21 Cavalier
41:08 Scale Barding Armor
41:22 Pikeman
42:02 Squires
42:05 Bracer
42:45 Leather Archer Armor
42:40 Town Watch
43:50 Hand Cart
43:17 Halberdier
44:27 Scale Mail Armor
45:06 Ring Archer Armor
45:26 Forging
46:25 Perfusion
46:29 Anarchy
47:03 Chain Mail Armor
47:28 Iron Casting
48:52 Man-at-Arms
50:34 Blast Furnace
49:47 Husbandry
49:07 Light Cavalry
49:37 Heavy Cavalry Archer
50:24 Scale Barding Armor
51:21 Chemistry
51:07 Town Patrol
52:06 Chain Barding Armor
52:17 Elite Huskarl
52:24 Long Swordsman
53:28 Masonry
52:42 Two-Handed Swordsman
52:44 Elite Skirmisher
KING SHADOW
6:39 Loom
9:09 Feudal Age
10:13 Double-Bit Axe
10:22 Man-at-Arms
19:23 Castle Age
17:53 Stone Mining
19:27 Forging
19:25 Scale Barding Armor
27:26 Scale Mail Armor
28:11 Bloodlines
28:02 Husbandry
32:08 Wheelbarrow
32:14 Fletching
35:25 Bodkin Arrow
38:47 Imperial Age
37:02 Husbandry
37:36 Chain Barding Armor
38:55 Cavalier
39:09 Elite Skirmisher
40:37 Farimba
41:46 Plate Barding Armor
41:55 Thumb Ring
44:02 Padded Archer Armor
44:41 Iron Casting
46:12 Horse Collar
47:16 Gold Mining
50:09 Chemistry
50:18 Light Cavalry
51:42 Hand Cart
51:39 Bow Saw
51:51 Town Watch
53:20 Leather Archer Armor
54:10 Chain Mail Armor
53:18 Elite Gbeto
54:19 Conscription
Connection lost

Rejoining the realm…

Still unreachable

The connection could not be restored.

Session expired

The server has moved on; the page needs a fresh start.